Map: Temple gelé

Players

haszkura - Winner!

  • Race: Terran Terran
  • League: Silver

pupu

  • Race: Protoss Protoss
  • League: Silver

VOD

Have the link to the VOD?

Description

Time

  • Played on: April 4, 2016, 1:54 p.m.
  • Length: 7:54
Show
View Real Time Build Order
Export as new Build Order

haszkura Terran - Winner!

Build Orders:  

Get SALT Encoding   

  12  0:01  SCV  
  13  0:13  SCV  
  14  0:18  Supply Depot  
  14  0:25  SCV  
  15  0:39  SCV  
  15  0:41  Barracks  
  16  0:54  SCV  
  17  0:57  Barracks  
  17  1:11  Barracks, SCV  
  18  1:38  Barracks  
  18  1:39  Marine  
  19  1:46  Marine  
  20  2:02  Marine  
  20  2:06  Refinery, SCV  
  22  2:14  Supply Depot  
  22  2:16  Marine  
  23  2:35  Marine x3  
  26  2:37  Supply Depot, Marine  
  27  2:50  SCV  
  28  2:53  Marine  
  28  2:55  Marine x2  
  31  2:58  Marine  
  32  3:08  Supply Depot  
  32  3:11  Marine  
  33  3:13  Marine x2  
  33  3:16  Marine  
  36  3:21  Factory  
  36  3:23  Refinery, SCV  
  37  3:29  Marine  
  37  3:31  Marine  
  37  3:32  Marine  
  40  3:35  SCV  
  41  3:54  Marine x4  
  42  4:06  Factory Tech Lab  
  42  4:12  Starport, Marine  
  42  4:16  Marine  
  42  4:17  Marine x2  
  46  4:37  Siege Tank  
  43  4:57  Marine x4  
  46  5:08  Starport Tech Lab  
  46  5:27  Command Center  
  45  5:28  Siege Tank  
  44  5:39  Marine x3  
  47  5:46  Marine  
  39  5:58  Marine x2  
  39  5:59  Marine  
  39  6:01  Siege Tank  
  42  6:04  Marine  
  42  6:16  Marine  
  43  6:21  Marine x2, Liberator  
  45  6:33  Supply Depot, SCV  
  44  6:54  Marine x3  
  44  6:55  Marine  
  48  7:12  Marine  
  41  7:25  Marine x3  
  43  7:30  Marine  
  43  7:35  SCV  
  46  7:39  SCV  
Show
View Real Time Build Order
Export as new Build Order

pupu Protoss 

Build Orders: 1 Gate Expand 

Get SALT Encoding   

  12  0:01  Probe (Chrono Boost)  
  13  0:12  Probe (Chrono Boost)  
  14  0:19  Pylon  
  14  0:22  Probe (Chrono Boost)  
  15  0:37  Probe (Chrono Boost)  
  15  0:39  Gateway  
  16  0:47  Probe (Chrono Boost)  
  17  0:51  Assimilator  
  17  0:58  Probe (Chrono Boost)  
  18  1:08  Probe (Chrono Boost)  
  19  1:19  Probe (Chrono Boost)  
  20  1:30  Probe (Chrono Boost)  
  21  1:33  Pylon  
  21  1:39  Nexus  
  21  1:40  Probe (Chrono Boost)  
  22  1:51  Probe (Chrono Boost)  
  23  2:00  Cybernetics Core  
  23  2:01  Probe (Chrono Boost)  
  24  2:08  Pylon  
  24  2:12  Probe (Chrono Boost), Assimilator  
  25  2:27  Probe (Chrono Boost), Pylon  
  26  2:37  Probe (Chrono Boost)  
  26  2:38  Pylon  
  27  2:48  Mothership Core (Chrono Boost)  
  29  2:52  Warp Gate (Chrono Boost)  
  29  2:55  Adept  
  31  2:59  Gateway  
  31  3:01  Probe, Gateway  
  32  3:12  Probe  
  32  3:13  Probe  
  34  3:22  Probe, Robotics Facility  
  34  3:25  Probe  
  36  3:36  Forge  
  29  4:09  Adept (Chrono Boost)  
  31  4:11  Immortal  
  35  4:19  Gateway  
  35  4:22  Pylon  
  35  4:27  Pylon x2  
  33  5:00  Immortal (Chrono Boost)  
  37  5:12  Adept  
  39  5:20  Adept  
  41  5:38  Adept  
  33  6:03  Adept x2  
  33  6:21  Probe x2  
  33  6:22  Immortal (Chrono Boost)  
  39  6:35  Adept x2  
  39  6:37  Pylon  
  39  6:50  Mothership Core  
  41  6:57  Adept x2  
  45  7:08  Pylon  
  29  7:32  Adept x2  
  29  7:36  Probe  
  29  7:37  Probe  
  39  7:44  Gateway  
  39  7:46  Gateway  
  39  7:48  Gateway  
Tags
 
Add a new tag
Caveats
  • Supply blocks, unpowered buildings, or Contaminate may cause inaccurate times.
  • Supply counts are checked every 10 seconds.